 Dungeon Crawl Stone Soup version 0.22.1 (webtiles) character file.

4098 dvd the Transmogrifier (level 10, -1/52 HPs)
             Began as a Felid Transmuter on Sept 19, 2018.
             Was a Follower of Uskayaw.
             Slain by a four-headed hydra (7 damage)
             ... on level 11 of the Dungeon.
             The game lasted 00:54:44 (19979 turns).

dvd the Transmogrifier (Felid Transmuter)          Turns: 19979, Time: 00:54:44

Health: -1/52      AC:  6    Str:  6    XL:     10   Next: 6%
Magic:  28/39      EV: 14    Int: 18    God:    Uskayaw [*.....]
Gold:   486        SH:  0    Dex: 21    Spells: 7/22 levels left
                                        Lives:  0   Deaths: 2

rFire    x . .     SeeInvis +     - Unarmed
rCold    + + +     Gourm    .   (shield unavailable)
rNeg     . . .     Faith    .   (armour unavailable)
rPois    +         Spirit   .   (helmet unavailable)
rElec    .         Reflect  .   (cloak unavailable)
rCorr    .         Harm     .   (gloves unavailable)
MR       +....                  (boots unavailable)
Stlth    +++++.....             n - amulet of the acrobat
HPRegen  0.17/turn              h - ring of magical power
MPRegen  0.26/turn              r - ring of magical power

@: ice-form, very slightly contaminated
A: large, no armour, no weapons or thrown items, stealth, see invisible, agile
2, carnivore, slow metabolism 1
a: End Transformation, Stomp, Renounce Religion


You were on level 11 of the Dungeon.
You worshipped Uskayaw.
Uskayaw was noncommittal.
You were not hungry.
You were a creature of crystalline ice.
You visited 1 branch of the dungeon, and saw 11 of its levels.
You also visited: Ossuary.

You collected 709 gold pieces.
You spent 223 gold pieces at shops.

Inventory:

Missiles
 a - 287 arrows
Jewellery
 h - a ring of magical power (left front paw)
 n - an amulet of the acrobat (around neck)
 r - a ring of magical power (right front paw)
 s - an uncursed ring of ice
Wands
 f - a wand of flame (25)
 u - a wand of polymorph (11)
 E - a wand of random effects (44)
Scrolls
 b - 5 scrolls of remove curse
 k - 11 scrolls of identify
 l - 3 scrolls of amnesia {unknown}
 m - 9 scrolls of teleportation
 x - 2 scrolls of fear
 B - 4 scrolls of magic mapping
Potions
 d - a potion of flight
 e - a potion of resistance
 g - 4 potions of lignification
 j - 5 potions of curing
 o - a potion of mutation
 p - 3 potions of magic
 q - a potion of heal wounds
 t - a potion of invisibility
 v - 2 potions of might
 w - a potion of ambrosia
 A - a potion of berserk rage
Comestibles
 c - 16 rations


   Skills:
 * Level 5.2 Fighting
 + Level 6.1 Dodging
 + Level 9.7 Stealth
 + Level 9.3 Unarmed Combat
 + Level 6.8 Spellcasting
 + Level 9.8 Transmutations
 + Level 0.7 Ice Magic
 + Level 2.3 Poison Magic
 * Level 5.2 Invocations
 + Level 0.2 Evocations


You had 7 spell levels left.
You knew the following spells:

 Your Spells              Type           Power        Failure   Level  Hunger
a - Beastly Appendage     Tmut           #####.       1%          1    None
b - Spider Form           Tmut/Pois      ####......   2%          3    ##.....
c - Blade Hands           Tmut           #####.....   5%          5    #####..
d - Ice Form              Ice/Tmut       ####....     12%         4    ####...
e - Blink                 Tloc           N/A          17%         2    None

Your spell library contained the following spells:

 Spells                   Type           Power        Failure   Level  Hunger
 Sticks to Snakes         Tmut           #####...     1%          2    None
 Animate Skeleton         Necr           N/A          11%         1    None
 Apportation              Tloc           #.....       11%         1    None
 Confusing Touch          Hex            #.....       11%         1    None
 Magic Dart               Conj           #...         11%         1    None
 Summon Small Mammal      Summ           #...         11%         1    None
 Call Imp                 Summ           #.......     17%         2    None
 Slow                     Hex            #.......     17%         2    None
 Mephitic Cloud           Conj/Pois/Air  #.......     24%         3    ##.....
 Conjure Flame            Conj/Fire      #.......     32%         3    ##.....


Dungeon Overview and Level Annotations

Branches:
Dungeon (11/15)            Temple (0/1) D:7            Lair (0/6) D:11
    Orc: D:9-12

Altars:
Dithmenos
Elyvilon
Gozag
Nemelex Xobeh
Okawaru
Qazlal
Sif Muna
Uskayaw
Vehumet
Wu Jian
Xom
Yredelemnul
Zin
Beogh

Shops:
D:6 !   D:9 *   D:10 (

Annotations:
D:3 3 runed doors, Starchild's ghost, amateur DrMo


Innate Abilities, Weirdness & Mutations

You cannot wear armour.
You are incapable of wielding weapons or throwing items.
Your paws allow you to move quietly. (Stealth)
((You have sharp claws.))
((You have razor-sharp teeth.))
You have supernaturally acute eyesight. (SInv)
You are carnivorous and can eat meat at any time.
((You cover ground quickly.))
((You are covered in thick fur. (AC +2)))
You have a slow metabolism.
((Your sharp claws are effective at attacking unaware monsters.))
You are very agile. (Dex +4)


Message History

The four-headed hydra bites you.
You punch the four-headed hydra!
The four-headed hydra seems to slow down.
You freeze the four-headed hydra.
The four-headed hydra is heavily wounded.
You can now pass through a line of other dancers.
Aiming: Line Pass
Press: ? - help, Dir - move target cursor, p - four-headed hydra The four-headed hydra appears confused.
You feel somewhat more hungry.
You can no longer pass through a line of other dancers.
Unknown command.
You catch the helpless four-headed hydra completely off-guard!
You hit the four-headed hydra. You freeze the four-headed hydra.
The four-headed hydra is heavily wounded.
The four-headed hydra seems less confused.
The four-headed hydra bites you!
* * * LOW HITPOINT WARNING * * *
The four-headed hydra barely misses you. x2
The four-headed hydra bites you!
You die...

.# #..# #..............#
.# #..# #.......#####Z.#
.# #..# #.......# #..# .#
#..# #..[....# #..# .#
#.)# #.......# #..#
.#######..# #.......#
#..# <.........#
#.......# #..#
.........<#######.......#
#..#
..######.......>Y.......#
#..# ..#
#.......D........# #..#
..# #..######........#
#..# ..# #..# #<.......#
#..## ..# #<.# #........#
#.... ..# #..# #........#
#.### ..# #..# #........#
#.# ..# #..# #........#
#O# ..# #..# #........#
#.#


You could see a four-headed hydra.

Vanquished Creatures
  Erica (D:9)
  3 two-headed ogres
  A wizard (D:11)
  A cyclops (D:11)
  A centaur zombie (D:11)
  A komodo dragon (D:10)
  A troll (D:10)
  Grinder (D:6)
  Prince Ribbit (D:9)
  A hornet (D:8)
  Sigmund (D:6)
  A spriggan (D:8)
  A wraith (D:11)
  A wyvern (D:11)
  4 yaks
  2 hungry ghosts
  A black bear (D:11)
  3 orc warriors
  A phantom (D:4)
  2 ice beasts
  A necrophage (D:6)
  7 ogres
  9 centaurs
  2 big kobolds (D:11)
  3 elf zombies (Ossuary)
  5 bullfrogs
  2 scorpions
  9 killer bees
  4 wights (D:9)
  A crimson imp (D:9)
  A quasit (D:11)
  5 hounds
  7 orc priests
  A bullfrog skeleton (D:11)
  2 jellies
  7 orc wizards
  Crazy Yiuf (D:6)
  2 human zombies (Ossuary)
  Jessica (D:2)
  A centaur skeleton (D:8)
  4 iguanas
  7 worker ants
  A big kobold zombie (Ossuary)
  A hound skeleton (D:5)
  3 mummies (Ossuary)
  A worker ant zombie (D:7)
  Robin (D:2)
  2 gnolls (D:9)
  16 adders
  2 shadow imps
  An ooze (D:1)
  5 adder zombies
  A worm (D:3)
  6 dart slugs
  6 leopard geckos
  33 orcs
  A gnoll zombie (Ossuary)
  9 goblins
  11 hobgoblins
  10 jackals
  15 kobolds
  5 quokkas
  5 bats
  7 frilled lizards
  2 goblin zombies
  2 hobgoblin zombies (Ossuary)
  4 jackal zombies (Ossuary)
  3 kobold zombies (Ossuary)
  A leopard gecko skeleton (D:4)
  A leopard gecko zombie (D:8)
  3 orc zombies (Ossuary)
  3 quokka zombies
  10 rats
  6 rat zombies (Ossuary)
  A butterfly (D:7)
289 creatures vanquished.

Notes
Turn   | Place    | Note
-------+----------+-------------------------------------------
     0 | D:1      | dvd the Felid Transmuter began the quest for the Orb.
     0 | D:1      | Reached XP level 1. HP: 9/9 MP: 4/4
   271 | D:1      | Reached XP level 2. HP: 8/12 MP: 4/6
   500 | D:1      | Reached skill level 1 in Stealth
  1207 | D:2      | Reached XP level 3. HP: 15/15 MP: 7/7
  1243 | D:2      | Noticed Jessica
  1259 | D:2      | Killed Jessica
  1626 | D:2      | Reached XP level 4. HP: 19/19 MP: 8/8
  1627 | D:2      | Noticed Robin
  1703 | D:1      | Learned a level 3 spell: Spider Form
  2072 | D:2      | Killed Robin
  2583 | D:3      | Reached XP level 5. HP: 20/22 MP: 9/9
  3226 | D:3      | Found a runed gate.
  3226 | D:3      | Found a runed gate.
  3686 | D:3      | Found a runed gate.
  3686 | D:3      | Noticed Starchild's ghost (amateur DrMo)
  3831 | D:3      | Found a roughly hewn altar of Beogh.
  4009 | D:4      | Gained mutation: You are covered in thick fur. (AC +2)
                  | [Felid growth]
  4009 | D:4      | Reached XP level 6. HP: 19/25 MP: 11/11
  4284 | D:4      | Found a glowing silver altar of Zin.
  4521 | D:5      | Entered Level 5 of the Dungeon
  4524 | D:5      | Reached skill level 1 in Poison Magic
  4729 | D:5      | Found a sand-covered staircase.
  4753 | Ossuary  | Entered an ossuary
  4792 | Ossuary  | Reached XP level 7. HP: 24/28 MP: 12/12
  4848 | Ossuary  | Reached skill level 5 in Transmutations
  4977 | Ossuary  | Reached skill level 5 in Unarmed Combat
  5653 | Ossuary  | Reached skill level 5 in Stealth
  6543 | D:5      | Reached XP level 8. HP: 32/32 MP: 14/14
  7200 | D:4      | Learned a level 5 spell: Blade Hands
  8294 | D:6      | Found a sparkling altar of Nemelex Xobeh.
  8301 | D:6      | Found Fodghy's Distillery.
  8687 | D:6      | Found a radiant altar of Vehumet.
  8731 | D:6      | Noticed Sigmund
  8738 | D:6      | Killed Sigmund
  8807 | D:6      | Bought a potion of heal wounds for 55 gold pieces
  8807 | D:6      | Bought a potion of curing for 33 gold pieces
  8818 | D:6      | Found a white marble altar of Elyvilon.
  8883 | D:6      | Noticed Grinder
  9568 | D:6      | Killed Grinder
  9740 | D:6      | Reached XP level 9. HP: 15/34 MP: 16/16
 10014 | D:6      | Found a runed door.
 10045 | D:6      | Noticed Crazy Yiuf
 10049 | D:6      | Killed Crazy Yiuf
 10273 | D:7      | Found a shimmering altar of Xom.
 10613 | D:7      | Found a hide-covered altar of Uskayaw.
 10616 | D:7      | Found an opulent altar of Gozag.
 10661 | D:7      | Became a worshipper of Uskayaw the Reveler
 10675 | D:7      | Found a staircase to the Ecumenical Temple.
 10886 | D:7      | Reached * piety under Uskayaw
 10912 | D:7      | Reached ** piety under Uskayaw
 10947 | D:7      | Found a shadowy altar of Dithmenos.
 11264 | D:7      | Gained mutation: You are agile. (Dex +2) [potion of
                  | mutation]
 11264 | D:7      | Gained mutation: You are very agile. (Dex +4) [potion of
                  | mutation]
 11332 | D:8      | Reached skill level 1 in Invocations
 12010 | D:8      | Reached skill level 5 in Spellcasting
 12518 | D:8      | Found an ornate altar of the Wu Jian Council.
 12520 | D:8      | Found a deep blue altar of Sif Muna.
 12711 | D:8      | Reached skill level 5 in Dodging
 12907 | D:8      | Paralysed by a hornet for 2 turns
 13393 | D:9      | Reached XP level 10. HP: 37/39 MP: 18/18
 13399 | D:9      | Reached *** piety under Uskayaw
 13609 | D:9      | Noticed Prince Ribbit
 13619 | D:9      | Killed Prince Ribbit
 13668 | D:9      | Found Zoitz's General Store.
 13671 | D:9      | Bought a potion of curing for 45 gold pieces
 13671 | D:9      | Bought 2 potions of curing for 90 gold pieces
 13693 | D:9      | Learned a level 4 spell: Ice Form
 13830 | D:9      | Noticed Erica
 13840 | D:9      | Killed Erica
 13935 | D:9      | Noticed a two-headed ogre
 13942 | D:9      | Killed a two-headed ogre
 14098 | D:9      | Noticed a two-headed ogre
 14363 | D:9      | Reached **** piety under Uskayaw
 14615 | D:9      | Found an iron altar of Okawaru.
 15018 | D:9      | Learned a level 2 spell: Blink
 15349 | D:9      | Found a basalt altar of Yredelemnul.
 15513 | D:10     | Entered Level 10 of the Dungeon
 15593 | D:10     | Found a stormy altar of Qazlal.
 16035 | D:10     | Found Rety Hel's Weapon Shoppe.
 16934 | D:11     | Reached XP level 11. HP: 32/46 MP: 21/21
 17056 | D:11     | Noticed a four-headed hydra
 17275 | D:11     | Mangled by a four-headed hydra
 17276 | D:11     | Reached XP level 10. HP: -9/51 MP: 31/38
 17328 | D:11     | Noticed a two-headed ogre
 17558 | D:11     | Noticed a two-headed ogre
 17571 | D:11     | Killed a two-headed ogre
 17906 | D:11     | Found a staircase to the Lair.
 18099 | D:11     | Noticed a cyclops
 18115 | D:11     | Killed a cyclops
 18248 | D:11     | Noticed a wizard
 18841 | D:11     | Reached skill level 5 in Fighting
 19149 | D:11     | Mangled by a two-headed ogre
 19150 | D:11     | Reached XP level 9. HP: -10/40 MP: 30/38
 19198 | D:11     | Killed a wizard
 19198 | D:11     | Reached skill level 5 in Invocations
 19417 | D:11     | HP: 2/40 [two-headed ogre/+0 giant spiked club (20)]
 19925 | D:11     | Killed a two-headed ogre
 19925 | D:11     | Reached XP level 10. HP: 44/44 MP: 21/21
 19979 | D:11     | Slain by a four-headed hydra

Skill      XL: |  1  2  3  4  5  6  7  8  9 10 |
---------------+-------------------------------+-----
Stealth        | 2 3 4 5 6 7 9 |  9.7
Transmutations | 3 4 5 6 8 9 |  9.8
Dodging        | 3 4 5 6 |  6.1
Unarmed Combat | 4 6 7 9 |  9.3
Poison Magic   | 1 2 |  2.3
Spellcasting   | 3 4 5 6 |  6.8
Invocations    | 5 4 |  5.2
Fighting       | 2 5 |  5.2
Ice Magic      | |  0.7
Evocations     | |  0.2

Action                   |  1- 3 |  4- 6 |  7- 9 | 10-12 || total
-------------------------+-------+-------+-------+-------++-------
Melee: Unarmed           |    62 |   186 |   444 |   250 ||   942
       Headbutt          |     9 |    10 |    41 |       ||    60
       Bite              |     7 |     9 |    33 |    16 ||    65
       Punch             |     1 |     2 |     7 |     8 ||    18
 Cast: Beastly Appendage |    14 |    14 |    30 |     1 ||    59
       Spider Form       |       |    20 |    21 |    10 ||    51
       Blade Hands       |       |       |    19 |    25 ||    44
       Ice Form          |       |       |       |     4 ||     4
Invok: Stomp             |       |       |     2 |     4 ||     6
       Line Pass         |       |       |       |     2 ||     2
 Abil: End Transformatio |       |       |       |     3 ||     3
Evoke: Wand              |       |       |     5 |     3 ||     8
  Use: Potion            |       |     2 |    11 |     3 ||    16
       Scroll            |       |       |    12 |       ||    12
 Stab: Sleeping          |     4 |     7 |    25 |    11 ||    47
       Distracted        |       |       |     2 |     1 ||     3
       Paralysed         |       |       |       |    10 ||    10
       Confused          |       |       |       |     1 ||     1
  Eat: Chunk             |     9 |     9 |    36 |    27 ||    81
Armor: Skin              |     2 |     6 |    16 |     9 ||    33
Dodge: Dodged            |    38 |   158 |   260 |   214 ||   670
